 Dungeon Crawl Stone Soup version 0.26.1-11-gd32895ea62 (webtiles) character file.

Game seed: 17827992185479482299

5765 vvl the Cleaver (level 10, -13/79 HPs)
             Began as a Demonspawn Berserker on June 9, 2021.
             Was an Elder of Trog.
             Shot with a bolt by a yaktaur captain (22 damage)
             ... on level 14 of the Dungeon.
             The game lasted 00:30:11 (12052 turns).

vvl the Cleaver (Demonspawn Berserker)             Turns: 12052, Time: 00:30:12

Health: -13/79     AC: 15    Str: 18    XL:     10   Next: 49%
Magic:  10/10      EV: 10    Int: 11    God:    Trog [****..]
Gold:   545        SH:  0    Dex: 13    Spells: 9/9 levels left

rFire    . . .     SeeInvis .   c - +2 dagger (venom)
rCold    . . .     Faith    .   (no shield)
rNeg     . . .     Spirit   .   G - +0 chain mail
rPois    +         Reflect  .   r - +0 hat
rElec    .         Harm     .   v - +0 cloak {rPois}
rCorr    .         Rampage  .   (no gloves)
Will     .....                  q - +0 pair of boots
Stlth    ..........             (no amulet)
HPRegen  0.23/turn              (no ring)
MPRegen  0.12/turn              j - ring of poison resistance

@: no status effects
A: antennae 1, yellow scales 2, demonic guardian 1, miasma immunity
a: Renounce Religion, Berserk, Trog's Hand, Brothers in Arms


You were on level 14 of the Dungeon.
You worshipped Trog.
Trog was greatly pleased with you.
You visited 1 branch of the dungeon, and saw 10 of its levels.

You collected 545 gold pieces.

Inventory:

Hand Weapons
 c - a +2 dagger of venom (weapon)
 i - a +2 battleaxe
 w - a +2 quarterstaff of chaos
 C - a +2 short sword of protection
Missiles
 m - 3 javelins
Armour
 q - a +0 pair of boots (worn)
 r - a +0 hat (worn)
 v - a +0 cloak of poison resistance (worn)
 G - a +0 chain mail (worn)
Jewellery
 j - a ring of poison resistance (right hand)
Wands
 t - a wand of random effects (54)
 u - a wand of polymorph (6)
 x - a wand of iceblast (10)
 D - a wand of acid (9)
Scrolls
 a - 3 scrolls of enchant armour
 d - a scroll of immolation {unknown}
 e - a scroll of teleportation
 f - 3 scrolls of blinking
 k - 3 scrolls of fog
 l - 2 scrolls of magic mapping
 o - 2 scrolls of remove curse
 p - a scroll of random uselessness {unknown}
 y - 2 scrolls of amnesia
 E - a scroll of acquirement {unknown}
 F - a scroll of identify
Potions
 b - 2 potions of magic {unknown}
 g - a potion of haste {unknown}
 h - a potion of cancellation {unknown}
 n - 3 potions of attraction {unknown}
 s - a potion of heal wounds {unknown}
 z - a potion of ambrosia {unknown}
 A - a potion of curing {unknown}
 B - a potion of lignification {unknown}


   Skills:
 + Level 7.5 Fighting
 * Level 9.5 Axes
 + Level 6.5 Armour
 + Level 6.5 Dodging
 - Level 1.7 Shields
 - Level 2.0 Evocations


You had 9 spell levels left.
You didn't know any spells.
Your spell library was empty.

Dungeon Overview and Level Annotations

Branches:
Dungeon (11/15)            Temple (0/1) D:6
   Lair: D:8-11         Orc: D:9-12

Altars:
Cheibriados
Gozag
Qazlal
Ru
Vehumet
Xom
The Shining One

Shops:
D:3 *   D:8 :

Annotations:
D:6 exclusion: statue
D:14 Azrael


Innate Abilities, Weirdness & Mutations

You have a pair of small antennae on your head.
You are mostly covered in yellow scales. (AC +3)
A weak demonic guardian rushes to your aid.
You are immune to miasma.


Message History

Your surroundings suddenly seem different.
You start resting.
Trog will no longer gift you weapons.
You start resting.
HP restored.
You open the door.
There is an open door here.
A yaktaur comes into view.
The yaktaur shouts!
A yaktaur captain comes into view.
The yaktaur wields a cursed -1 arbalest.
The yaktaur shoots a bolt.
The bolt hits you!!
The yaktaur captain shouts!
You hear a shout!
The yaktaur captain wields a +0 arbalest.
The yaktaur captain shoots a bolt.
The bolt hits you!!
The yaktaur captain shoots a bolt.
The bolt hits you!!
* * * LOW HITPOINT WARNING * * *
You see here a bolt.
The yaktaur captain shoots a bolt.
The bolt hits you!!
You die...

#.....#############
.....?............#
#....c............#
c....c............#
.....#.##...##....#
...c.#.##...##....#
.... #..5...##....#
.#####.(....'.....#
#..@.....#.....#
#........#.....+
#...##...##....#
#...##...##....#
#..............#
#..............#
#..............#
#...##...##....#
#...##...##....#


You could see a yaktaur captain, a yaktaur and a friendly white imp (summoned).

Vanquished Creatures
  The ghost of ubername the Slasher, a novice BaBe of Trog (D:4)
  A troll (D:8)
  6 yaks
  A water moccasin (D:6)
  A black bear (D:6)
  3 orc warriors
  A sky beast (D:11)
  A phantom (D:7)
  2 centaurs
  3 wolves
  7 bullfrogs
  A wyvern skeleton (D:6)
  9 wights
  3 centaur zombies
  4 howler monkeys
  A quasit (D:7)
  3 jellies (D:8)
  6 orc wizards
  A gnoll shaman (D:8)
  3 orc priests
  Crazy Yiuf (D:4)
  8 hounds
  A bullfrog skeleton (D:4)
  2 iguanas
  A worker ant (D:3)
  A hound skeleton (D:7)
  A howler monkey zombie (D:8)
  6 gnolls
  8 adders
  A shadow imp (D:4)
  An ufetubus (D:7)
  2 oozes (D:3)
  2 adder skeletons
  5 worms
  2 dart slugs (D:1)
  4 leopard geckos
  20 orcs
  3 ball pythons
  9 bats
  3 giant cockroaches
  7 goblins
  10 hobgoblins
  4 jackals
  2 quokkas
  2 frilled lizards
  5 kobolds
  A leopard gecko skeleton (D:4)
  2 leopard gecko zombies
  A quokka skeleton (D:7)
  13 rats
186 creatures vanquished.

Vanquished Creatures (collateral kills)
  A troll (D:8)
  A yak (D:7)
  A sky beast (D:8)
  A phantom (D:7)
  An ice beast (D:7)
  A necrophage (D:6)
  A centaur (D:7)
  A wight (D:8)
  3 howler monkeys (D:7)
  A hound (D:11)
  2 orc priests
  An orc wizard (D:7)
  2 gnolls (D:5)
  2 adders
  An adder zombie (D:5)
  An adder skeleton (D:4)
  A frilled lizard (D:3)
  A rat (D:2)
23 creatures vanquished.

Grand Total: 209 creatures vanquished

Notes
Turn   | Place    | Note
-------+----------+-------------------------------------------
     0 | D:1      | vvl the Demonspawn Berserker began the quest for the Orb.
     0 | D:1      | Reached XP level 1. HP: 18/18 MP: 1/1
   224 | D:1      | Gained mutation: A weak demonic guardian rushes to your
                  | aid. [demonic ancestry]
   224 | D:1      | Reached XP level 2. HP: 17/24 MP: 2/2
   322 | D:1      | Reached skill level 3 in Axes
   734 | D:1      | Reached XP level 3. HP: 29/29 MP: 3/3
   963 | D:1      | Reached skill level 1 in Evocations
  1198 | D:2      | Reached ** piety under Trog
  1391 | D:2      | Found a snail-covered altar of Cheibriados.
  1616 | D:2      | Reached XP level 4. HP: 26/35 MP: 4/4
  1811 | D:2      | Reached skill level 1 in Shields
  2612 | D:3      | Found Gozag's Platinum Reserve.
  2650 | D:3      | Gained mutation: You are partially covered in yellow
                  | scales. (AC +2) [demonic ancestry]
  2650 | D:3      | Reached XP level 5. HP: 35/41 MP: 5/5
  2814 | D:3      | Found an opulent altar of Gozag.
  2832 | D:3      | Reached *** piety under Trog
  3851 | D:4      | Reached skill level 4 in Axes
  3925 | D:4      | Found a sacrificial altar of Ru.
  4000 | D:4      | Found a runed translucent door.
  4001 | D:4      | Noticed Crazy Yiuf
  4017 | D:4      | Killed Crazy Yiuf
  4018 | D:4      | Gained mutation: You are mostly covered in yellow scales.
                  | (AC +3) [demonic ancestry]
  4018 | D:4      | Reached XP level 6. HP: 18/48 MP: 6/6
  4327 | D:4      | Found a glowing golden altar of the Shining One.
  4348 | D:4      | Found a runed translucent door.
  4351 | D:4      | Noticed ubername's ghost (novice BaBe)
  4414 | D:4      | Killed ubername's ghost
  4415 | D:4      | Reached skill level 5 in Axes
  4415 | D:4      | Reached XP level 7. HP: 55/55 MP: 7/7
  4496 | D:5      | Entered Level 5 of the Dungeon
  5481 | D:5      | Found a shimmering altar of Xom.
  5484 | D:5      | Found a shimmering altar of Xom.
  5484 | D:5      | Found a shimmering altar of Xom.
  5484 | D:5      | Found a shimmering altar of Xom.
  5565 | D:5      | Found a glowing golden altar of the Shining One.
  5849 | D:6      | Gained mutation: You have a pair of small antennae on your
                  | head. [demonic ancestry]
  5849 | D:6      | Reached XP level 8. HP: 49/61 MP: 8/8
  5907 | D:6      | Found a staircase to the Ecumenical Temple.
  6217 | D:6      | Reached skill level 5 in Fighting
  6375 | D:6      | Reached skill level 6 in Axes
  6399 | D:6      | Reached **** piety under Trog
  6746 | D:6      | Found a radiant altar of Vehumet.
  7646 | D:7      | Reached skill level 7 in Axes
  7829 | D:7      | Gained mutation: You are immune to miasma. [demonic
                  | ancestry]
  7829 | D:7      | Reached XP level 9. HP: 62/69 MP: 9/9
  7840 | D:7      | Reached skill level 5 in Dodging
  7863 | D:7      | Reached skill level 5 in Armour
  8121 | D:7      | Found a stormy altar of Qazlal.
  9187 | D:7      | Reached skill level 8 in Axes
  9728 | D:8      | Noticed a two-headed ogre
 10534 | D:8      | Found Guogor's Book Shoppe.
 10538 | D:8      | Noticed a troll
 10562 | D:7      | HP: 2/70 [wolf (6)]
 10563 | D:7      | Reached ***** piety under Trog
 10564 | D:7      | Reached XP level 10. HP: 2/77 MP: 10/10
 11286 | D:8      | You fall into a shaft and drop 3 floors!
 11313 | D:11     | Reached skill level 9 in Axes
 11769 | D:11     | You fall into a shaft and drop 3 floors!
 11770 | D:14     | Noticed Azrael
 12045 | D:14     | Noticed a yaktaur captain
 12052 | D:14     | Shot with a bolt by a yaktaur captain

Illustrated notes

Levels and vault maps discovered:
D:1:      amcnicky_arrival_single_pillar, layout_basic
D:2:      layout_rooms, lemuel_round_altar
D:3:      layout_basic, chequers_serial_rivers_large_a,
          nicolae_gozag_zags_fifth_avenue
D:4:      layout_rooms, overflow_temple_1_default, lemuel_round_altar,
          ebering_ghost_sewer_d, uniq_crazy_yiuf_cottage
D:5:      layout_cave_pools, xom_redecorated, nicolae_tso_swordbearing_angel
D:6:      layout_loops_ring, vehumet_statue, minmay_temple_entry_grid
D:7:      layout_basic, nicolae_overflow_crystal_walls
D:8:      layout_rooms, erik_lair_island, serial_shops, shop
D:11:     layout_roguey, kennysheep_generic_room_14
D:14:     layout_stronghold, david_vaults_2, chequers_serial_rivers_small_b,
          chequers_serial_rivers_large_b, uniq_azrael

Skill      XL: |  1  2  3  4  5  6  7  8  9 10 |
---------------+-------------------------------+-----
Axes           | 3 4 5 7 8 9 |  9.5
Armour         | 2 3 4 5 6 |  6.5
Dodging        | 2 3 4 6 |  6.5
Evocations     | 1 2 |  2.0
Shields        | 1 |  1.7
Fighting       | 4 5 6 7 |  7.5

Action                   |  1- 3 |  4- 6 |  7- 9 | 10-12 || total
-------------------------+-------+-------+-------+-------++-------
Melee: Dagger            |    98 |   189 |   414 |    34 ||   735
       Hand axe          |     1 |       |    56 |       ||    57
       Unarmed           |       |     1 |       |       ||     1
       Quarterstaff      |       |    10 |    17 |       ||    27
       War axe           |       |       |    43 |       ||    43
       Battleaxe         |       |       |    16 |    57 ||    73
Invok: Trog's Hand       |       |     1 |     1 |       ||     2
       Berserk           |       |     1 |       |       ||     1
Evoke: Wand              |       |       |     5 |       ||     5
  Use: Scroll            |       |       |     6 |     2 ||     8
 Stab: Paralysed         |       |     1 |       |       ||     1
       Distracted        |       |       |     2 |       ||     2
Armor: Chain mail        |    17 |   104 |   373 |    67 ||   561
       Ring mail         |     3 |       |       |       ||     3
Dodge: Dodged            |    59 |    84 |   260 |    54 ||   457
